 Dungeon Crawl Stone Soup version 0.13.1-22-g086cdba (webtiles) character file.

103 Kae the Insei (level 3, 0/28 HPs)
             Began as a Draconian Transmuter on Jan 2, 2014.
             Succumbed to an adder's poison
             ... on Level 2 of the Dungeon.
             The game lasted 00:01:17 (815 turns).

Kae the Insei (Draconian Transmuter)                 Turns: 815, Time: 00:01:17

HP   0/28        AC  5     Str 12      XL: 3   Next: 10%
MP   4/4         EV 12     Int 13      God:
Gold 71          SH  0     Dex 12      Spells:  2 memorised,  3 levels left

Res.Fire  : . . .   See Invis. : .     - Unarmed
Res.Cold  : . . .   Warding    : .   (armour unavailable)
Life Prot.: . . .   Conserve   : .   (no shield)
Res.Poison: .       Res.Corr.  : .   (helmet restricted)
Res.Elec. : .       Clarity    : .   (no cloak)
Sust.Abil.: . .     Spirit.Shd : .   (no gloves)
Res.Mut.  : .       Stasis     : .   (boots unavailable)
Res.Rott. : .       Flight     : .   (no amulet)
Saprovore : . . .                    (no ring)
                                     (no ring)

@: appendage (expiring), invisible, mildly poisoned, very slightly contaminated,
not resistant to hostile enchantments, unstealthy
A: unfitting armour, talons 3, AC +5
a: End Transformation


You were on level 2 of the Dungeon.
You were not hungry.
You had grown temporary talons.
You visited 1 branch of the dungeon, and saw 2 of its levels.

You collected 51 gold pieces.

Inventory:

Missiles
 b - 28 arrows
Comestibles
 a - a bread ration
 h - 2 meat rations
Scrolls
 f - a scroll of curse armour {unknown}
 g - a scroll of blinking {unknown}
 j - a scroll of enchant armour {unknown}
 k - 3 scrolls of identify {unknown}
Jewellery
 c - an uncursed ring of sustain abilities {unknown}
Books
 d - a book of Changes

   Spells                             Type                      Level
   *Beastly Appendage                 Transmutation                1
   *Sticks to Snakes                  Transmutation                2
   Spider Form                        Transmutation/Poison         3
   Ice Form                           Ice/Transmutation            4
   Blade Hands                        Transmutation                5


   Skills:
 - Level 1.1 Fighting
 - Level 1.7 Dodging
 * Level 3.8 Unarmed Combat
 - Level 2.0 Spellcasting
 + Level 2.6 Transmutations


You had 3 spell levels left.
You knew the following spells:

 Your Spells              Type           Power        Failure   Level  Hunger
a - Beastly Appendage     Trmt           #.....       10%         1    ##.....
b - Sticks to Snakes      Trmt           #.........   14%         2    ###....


Dungeon Overview and Level Annotations

Branches:
Dungeon (2/27)

Altars:


Innate Abilities, Weirdness & Mutations

Your plain brown scales are hard (AC +5).
Your body does not fit into most forms of armour.
Your cold-blooded metabolism reacts poorly to cold.
You have claws for feet.


Message History

You miss the adder. Your kick misses the adder.
Your tail-slap misses the adder.
The adder is moderately wounded.
The adder barely misses you.
You barely miss the adder.
The adder is moderately wounded.
Your transformation is almost over.
The adder completely misses you.
You strike the helpless adder from behind!
You hit the adder.
You kill the adder!
You have reached level 3!
Your experience leads to an increase in your attributes!
Increase (S)trength, (I)ntelligence, or (D)exterity?
You feel agile.
Your scales feel tougher.
Unknown command.
You completely miss the inept potion mimic.
You claw the inept potion mimic.
The inept potion mimic is severely damaged.
You die...

## #. ###.# ###
#.... ...
#....###.#
#........#
#...!.#..##
#....%##..# .
#.....!@..## .#
###.####...# ..
#...<....## .#
####.#....#..#
##.......#..#...
#................
#..#####.#####..
#.. #.....# #..
#####.#


You could see an inept potion mimic.

Vanquished Creatures
  An adder (D:2)
  5 hobgoblins (D:1)
  3 kobolds (D:1)
  2 bats (D:1)
  2 giant geckos (D:1)
  5 giant newts
  2 goblins (D:1)
  5 rats (D:1)
25 creatures vanquished.

Notes
Turn   | Place    | Note
--------------------------------------------------------------
     0 | D:1      | Kae, the Draconian Transmuter, began the quest for the Orb.
     0 | D:1      | Reached XP level 1. HP: 16/16 MP: 1/1
   323 | D:1      | Reached XP level 2. HP: 21/23 MP: 3/3
   504 | D:1      | Learned a level 2 spell: Sticks to Snakes
   811 | D:2      | HP: 1/23 [adder (3)]
   814 | D:2      | Reached XP level 3. HP: 1/28 MP: 4/4
   815 | D:2      | Succumbed to an adder's poison

Action                   || total
-------------------------++-------
Melee: Unarmed           ||    88
 Cast: Beastly Appendage ||     7
  Use: Potion            ||     2
 Stab: Invisible         ||     1
